[Event "FIDE CB Open 2022"]
[Site "Ceske Budejovice"]
[Date "2022.07.02"]
[Round "2.43"]
[White "Stastna, Martina"]
[Black "Svoboda, Daniel"]
[Result "1/2-1/2"]
[ECO "B51"]
[WhiteElo "1912"]
[BlackElo "1679"]
[Annotator "NA RC"]
[PlyCount "47"]
[EventDate "2022.07.01"]
[EventType "swiss"]
[EventCountry "CZE"]
[SourceTitle "playchess.com"]
[Source "ChessBase"]
[SourceQuality "1"]
[TimeControl "40/5400+30:1800+30"]

1. e4 c5 2. Nf3 d6 3. Bb5+ Nd7 4. O-O a6 5. Bd3 Ngf6 6. c3 Ne5 7. Nxe5 dxe5 8. Bc2 e6 9. d3 Be7 10. Nd2 b5 11. b3 O-O 12. Bb2 Qc7 13. Qe2 Bb7 14. Rac1 Rfd8 15. Bb1 Rac8 16. d4 Qd7 17. Nf3 exd4 18. cxd4 cxd4 19. Nxd4 Bc5 20. Nf3 Qe7 21. h3 h6 22. Rfd1 Rxd1+ 23. Rxd1 Rd8 24. Rxd8+ 1/2-1/2

[Event "FIDE CB Open 2022"]
[Site "Ceske Budejovice"]
[Date "2022.07.02"]
[Round "2.44"]
[White "Pisar, Tomas"]
[Black "Zaza, Martin"]
[Result "0-1"]
[ECO "E15"]
[WhiteElo "1640"]
[BlackElo "1911"]
[Annotator "NA RC"]
[PlyCount "114"]
[EventDate "2022.07.01"]
[EventType "swiss"]
[EventCountry "CZE"]
[SourceTitle "playchess.com"]
[Source "ChessBase"]
[SourceQuality "1"]
[TimeControl "40/5400+30:1800+30"]

1. d4 Nf6 2. Nf3 e6 3. c4 b6 4. g3 Ba6 5. Ne5 Bb7 6. f3 c5 7. Be3 cxd4 8. Bxd4 Be7 9. e4 O-O 10. Be2 d5 11. exd5 exd5 12. O-O Nc6 13. Nxc6 Bxc6 14. Nc3 dxc4 15. Bxc4 Qc7 16. Qb3 Rad8 17. Be3 Qe5 18. Rae1 Qh5 19. Ne2 Bc5 20. Nf4 Bxe3+ 21. Qxe3 Qa5 22. Rd1 Rxd1 23. Rxd1 Re8 24. Qb3 Re1+ 25. Kg2 Rxd1 26. Qxd1 b5 27. Bb3 Qb6 28. Nd5 Qd8 29. Nxf6+ Qxf6 30. Qe2 g5 31. g4 h5 32. h3 hxg4 33. hxg4 Qf4 34. Kf2 Qh2+ 35. Ke3 Qg1+ 36. Qf2 Qc1+ 37. Kd3 a5 38. Qe3 Qb1+ 39. Bc2 Qf1+ 40. Kc3 Qxf3 41. Qxf3 Bxf3 42. Bf5 Kg7 43. Kd4 Kf6 44. a3 Be2 45. Bc8 b4 46. axb4 axb4 47. Bf5 b3 48. Kc3 Bd1 49. Kd2 Bf3 50. Kc3 Bd5 51. Bc8 Ke5 52. Kb4 Kf4 53. Kc3 Be6 54. Bxe6 fxe6 55. Kxb3 Kxg4 56. Kc4 Kf5 57. b4 Ke5 0-1

[Event "FIDE CB Open 2022"]
[Site "Ceske Budejovice"]
[Date "2022.07.02"]
[Round "2.45"]
[White "Saravanan Durga"]
[Black "Hammel, Juergen"]
[Result "1/2-1/2"]
[ECO "D06"]
[WhiteElo "1908"]
[BlackElo "1650"]
[Annotator "RC"]
[PlyCount "98"]
[EventDate "2022.07.01"]
[EventType "swiss"]
[EventCountry "CZE"]
[SourceTitle "playchess.com"]
[Source "ChessBase"]
[SourceQuality "1"]
[TimeControl "40/5400+30:1800+30"]

1. d4 Nf6 2. c4 d5 3. cxd5 Nxd5 4. e4 Nf6 5. Nc3 e6 6. Nf3 Bb4 7. Bd3 h6 8. Qa4+ Nc6 9. a3 Bxc3+ 10. bxc3 Bd7 11. Qc2 O-O 12. O-O Ne8 13. d5 exd5 14. exd5 Ne7 15. c4 c6 16. Qb3 cxd5 17. cxd5 Bg4 18. Ne5 Nf6 19. f3 Bh5 20. g4 Bg6 21. Nxg6 Nxg6 22. Bxg6 fxg6 23. d6+ Kh7 24. Rd1 Nd7 25. Qxb7 Qb6+ 26. Qxb6 Nxb6 27. Kg2 Rad8 28. Be3 Rf6 29. Bc5 Nc4 30. d7 Rf7 31. Rac1 Ne5 32. Rd5 Nxd7 33. Bxa7 Ra8 34. Rc7 Ne5 35. Rxf7 Nxf7 36. Rd7 Ne5 37. Rc7 Kg8 38. a4 g5 39. a5 Nc6 40. Rxc6 Rxa7 41. a6 Kf8 42. Kf2 Ke8 43. Ke3 Kd7 44. Rg6 Kc8 45. Kd4 Kb8 46. Kc5 Rf7 47. Kb6 Rxf3 48. Rxg7 Rb3+ 49. Kc6 Rc3+ 1/2-1/2

[Event "FIDE CB Open 2022"]
[Site "Ceske Budejovice"]
[Date "2022.07.02"]
[Round "2.46"]
[White "Svejda, Karel"]
[Black "Toman, Jan"]
[Result "1/2-1/2"]
[ECO "D02"]
[WhiteElo "1619"]
[BlackElo "2142"]
[Annotator "NA RC"]
[PlyCount "77"]
[EventDate "2022.07.01"]
[EventType "swiss"]
[EventCountry "CZE"]
[SourceTitle "playchess.com"]
[Source "ChessBase"]
[SourceQuality "1"]
[TimeControl "40/5400+30:1800+30"]

1. d4 Nf6 2. Nf3 e6 3. Bf4 d5 4. Bg3 Bd6 5. e3 O-O 6. Nbd2 b6 7. Bd3 Bb7 8. Ne5 Nbd7 9. f4 Ne4 10. Nxe4 dxe4 11. Bc4 Nf6 12. Bh4 Be7 13. Bxf6 Bxf6 14. O-O Qc8 15. Qe2 a6 16. Qg4 b5 17. Bb3 Bd5 18. Qh3 c5 19. Bxd5 exd5 20. Nd7 cxd4 21. Nxf8 Qxh3 22. gxh3 Kxf8 23. Rad1 Rc8 24. exd4 Rxc2 25. Rf2 Rc4 26. Kf1 e3 27. Rg2 Rxd4 28. Rxd4 Bxd4 29. Rg5 Bxb2 30. Rxd5 Bc3 31. Ke2 Bd2 32. Re5 f6 33. Re6 a5 34. Rb6 b4 35. Rb7 a4 36. Ra7 a3 37. f5 Kg8 38. Ra8+ Kf7 39. Ra7+ 1/2-1/2

[Event "FIDE CB Open 2022"]
[Site "Ceske Budejovice"]
[Date "2022.07.02"]
[Round "2.47"]
[White "Ondrejat, Miroslav"]
[Black "Pavlis, Matej"]
[Result "1/2-1/2"]
[ECO "B83"]
[WhiteElo "1903"]
[BlackElo "1625"]
[Annotator "NA RC"]
[PlyCount "86"]
[EventDate "2022.07.01"]
[EventType "swiss"]
[EventCountry "CZE"]
[SourceTitle "playchess.com"]
[Source "ChessBase"]
[SourceQuality "1"]
[TimeControl "40/5400+30:1800+30"]

1. e4 c5 2. Nf3 e6 3. d4 cxd4 4. Nxd4 Nf6 5. Nc3 d6 6. Be2 Be7 7. O-O O-O 8. Kh1 Nc6 9. Be3 Bd7 10. f4 Nxd4 11. Qxd4 Bc6 12. Rad1 Qc7 13. Bf3 Rfd8 14. a4 Nd7 15. Qd2 Nb6 16. b3 Rac8 17. Ne2 Nd7 18. Nd4 Nc5 19. Nb5 Bxb5 20. axb5 Bf6 21. Qb4 a5 22. bxa6 Nxa6 23. Qb6 Qxc2 24. e5 dxe5 25. Rxd8+ Bxd8 26. Qxb7 Nb8 27. fxe5 Qc7 28. Qb5 Be7 29. h3 g6 30. Rc1 Qd8 31. Rd1 Qc7 32. Bb6 Qc2 33. Ba7 Nc6 34. Qb7 Nxa7 35. Qxe7 Nc6 36. Qf6 Qc3 37. Bxc6 Qxc6 38. Rd8+ Rxd8 39. Qxd8+ Kg7 40. Qf6+ Kg8 41. Kh2 Kf8 42. Kg3 Ke8 43. h4 Qd5 1/2-1/2

[Event "FIDE CB Open 2022"]
[Site "Ceske Budejovice"]
[Date "2022.07.02"]
[Round "2.48"]
[White "Jodas, Daniel"]
[Black "Zeleny, Tomas"]
[Result "0-1"]
[ECO "B43"]
[WhiteElo "1614"]
[BlackElo "2136"]
[Annotator "NA RC"]
[PlyCount "66"]
[EventDate "2022.07.01"]
[EventType "swiss"]
[EventCountry "CZE"]
[SourceTitle "playchess.com"]
[Source "ChessBase"]
[SourceQuality "1"]
[TimeControl "40/5400+30:1800+30"]

1. e4 c5 2. Nf3 e6 3. d4 cxd4 4. Nxd4 a6 5. Nc3 Qc7 6. a3 Nf6 7. g3 b5 8. Bg2 Bb7 9. O-O Nc6 10. Be3 Be7 11. f4 d6 12. Rf2 O-O 13. Nxc6 Bxc6 14. e5 dxe5 15. fxe5 Qxe5 16. Bxc6 Qxe3 17. Bxa8 Bc5 18. Qf3 Qxf2+ 19. Qxf2 Bxf2+ 20. Kxf2 Rxa8 21. Kf3 Rd8 22. Rd1 Rxd1 23. Nxd1 Kf8 24. b3 Ke7 25. c4 bxc4 26. bxc4 Kd6 27. h3 Kc5 28. Ne3 Kd4 29. Ke2 Ne4 30. g4 g5 31. Nc2+ Kxc4 32. Nb4 a5 33. Nc6 a4 0-1

[Event "FIDE CB Open 2022"]
[Site "Ceske Budejovice"]
[Date "2022.07.02"]
[Round "2.49"]
[White "Vaculik, Martin"]
[Black "Almaini, Aishah Sarhan"]
[Result "1-0"]
[ECO "E73"]
[WhiteElo "2284"]
[BlackElo "1615"]
[Annotator "RC"]
[PlyCount "97"]
[EventDate "2022.07.01"]
[EventType "swiss"]
[EventCountry "CZE"]
[SourceTitle "playchess.com"]
[Source "ChessBase"]
[SourceQuality "1"]
[TimeControl "40/5400+30:1800+30"]

1. d4 Nf6 2. c4 g6 3. Nc3 Bg7 4. e4 d6 5. Be2 O-O 6. Bg5 Nbd7 7. Qd2 e5 8. Nf3 exd4 9. Nxd4 Nc5 10. f3 Ne6 11. Be3 a5 12. h4 Nxd4 13. Bxd4 Nh5 14. g4 Bxd4 15. Qxd4 Qf6 16. Qd2 Nf4 17. Nd5 Nxd5 18. cxd5 Qe7 19. O-O-O b6 20. h5 Ba6 21. Bxa6 Rxa6 22. Qd4 Qg5+ 23. Kb1 Re8 24. Rc1 Ra7 25. Rc3 Qe5 26. Qxe5 Rxe5 27. hxg6 hxg6 28. Rhc1 Re7 29. Kc2 g5 30. Kd3 f6 31. Rh1 Rh7 32. Rxh7 Kxh7 33. Kc4 Kg6 34. Kb5 Kf7 35. Kc6 Ke7 36. Rc2 Kd8 37. Rh2 b5 38. Kxb5 Rb7+ 39. Ka6 Rb6+ 40. Kxa5 Kc8 41. b4 Kd7 42. b5 Rb8 43. Kb4 Rf8 44. a4 Kc8 45. a5 Kb7 46. Rh7 Kb8 47. b6 cxb6 48. axb6 Rc8 49. Rd7 1-0

[Event "FIDE CB Open 2022"]
[Site "Ceske Budejovice"]
[Date "2022.07.02"]
[Round "2.50"]
[White "Smola, David"]
[Black "Hradek, Matyas"]
[Result "0-1"]
[ECO "C50"]
[WhiteElo "1609"]
[BlackElo "1888"]
[Annotator "NA RC"]
[PlyCount "84"]
[EventDate "2022.07.01"]
[EventType "swiss"]
[EventCountry "CZE"]
[SourceTitle "playchess.com"]
[Source "ChessBase"]
[SourceQuality "1"]
[TimeControl "40/5400+30:1800+30"]

1. e4 e5 2. Nf3 Nc6 3. Bc4 Bc5 4. O-O Nf6 5. d4 Bxd4 6. Nxd4 Nxd4 7. f4 d6 8. fxe5 dxe5 9. Bg5 Be6 10. Bxe6 Nxe6 11. Qxd8+ Rxd8 12. Bxf6 gxf6 13. Rxf6 Rd1+ 14. Rf1 Rd4 15. Nc3 Rg8 16. Rf2 Ng5 17. Rf5 Rd2 18. Kf1 Rxc2 19. Nd5 Rg6 20. Rxe5+ Ne6 21. Ne3 Rxb2 22. Rc1 c6 23. Rc2 Rxc2 24. Nxc2 Rg5 25. Rf5 h5 26. Nd4 Ke7 27. Kf2 f6 28. Nxe6 Kxe6 29. Rf3 Rg4 30. Rb3 b5 31. Kf3 Ke5 32. Ra3 Rf4+ 33. Kg3 h4+ 34. Kh3 Rxe4 35. Rxa7 Ra4 36. Re7+ Kd5 37. Re2 c5 38. g4 hxg3 39. Kxg3 Re4 40. Rf2 Ke5 41. h4 f5 42. h5 Kd4 0-1

[Event "FIDE CB Open 2022"]
[Site "Ceske Budejovice"]
[Date "2022.07.02"]
[Round "2.51"]
[White "Simunek, Jakub Simon"]
[Black "Simajchl, Adam"]
[Result "1-0"]
[ECO "B40"]
[WhiteElo "1887"]
[BlackElo "1610"]
[Annotator "NA RC"]
[PlyCount "31"]
[EventDate "2022.07.01"]
[EventType "swiss"]
[EventCountry "CZE"]
[SourceTitle "playchess.com"]
[Source "ChessBase"]
[SourceQuality "1"]
[TimeControl "40/5400+30:1800+30"]

1. e4 c5 2. Nf3 e6 3. g3 Qc7 4. Bg2 Nc6 5. O-O Nf6 6. Re1 d6 7. c3 d5 8. exd5 Nxd5 9. d4 cxd4 10. Nxd4 Nxd4 11. Qxd4 Nf6 12. Bf4 Qc5 13. Nd2 Qb6 14. Qxb6 axb6 15. Nc4 b5 16. Nb6 1-0

[Event "FIDE CB Open 2022"]
[Site "Ceske Budejovice"]
[Date "2022.07.02"]
[Round "2.52"]
[White "Koc, Azra Ece"]
[Black "Jilek, Marcel"]
[Result "1-0"]
[ECO "C46"]
[WhiteElo "1867"]
[BlackElo "1565"]
[Annotator "NA RC"]
[PlyCount "40"]
[EventDate "2022.07.01"]
[EventType "swiss"]
[EventCountry "CZE"]
[SourceTitle "playchess.com"]
[Source "ChessBase"]
[SourceQuality "1"]
[TimeControl "40/5400+30:1800+30"]

1. e4 e5 2. Nf3 Nc6 3. Nc3 Bc5 4. Nxe5 Nxe5 5. d4 Bxd4 6. Qxd4 f6 7. f4 Nc6 8. Qe3 Nge7 9. Bc4 d6 10. a3 a6 11. b4 b5 12. Bb3 Qd7 13. Bb2 Bb7 14. O-O-O O-O-O 15. f5 Kb8 16. Be6 Qe8 17. Bb3 Ne5 18. Kb1 Qf8 19. a4 bxa4 20. Rhe1 Qe8 1-0

[Event "FIDE CB Open 2022"]
[Site "Ceske Budejovice"]
[Date "2022.07.02"]
[Round "2.53"]
[White "Kukacka, Ladislav"]
[Black "Kotleska, Roman"]
[Result "0-1"]
[ECO "A09"]
[WhiteElo "1555"]
[BlackElo "1863"]
[Annotator "NA RC"]
[PlyCount "76"]
[EventDate "2022.07.01"]
[EventType "swiss"]
[EventCountry "CZE"]
[SourceTitle "playchess.com"]
[Source "ChessBase"]
[SourceQuality "1"]
[TimeControl "40/5400+30:1800+30"]

1. Nf3 d5 2. c4 d4 3. b4 c5 4. bxc5 Nc6 5. g3 e5 6. Ba3 Qa5 7. Bg2 Bxc5 8. Bxc5 Qxc5 9. d3 Nf6 10. O-O O-O 11. Nbd2 Bd7 12. Nb3 Qe7 13. Rb1 Rab8 14. Re1 Qa3 15. Qd2 Rfe8 16. h3 b5 17. c5 a5 18. Nh4 a4 19. Na5 Nxa5 20. Qxa5 Qxc5 21. Rec1 Qa3 22. Qd2 Rec8 23. Rxc8+ Rxc8 24. Qg5 h6 25. Qxe5 Qxa2 26. Re1 Qd2 27. Nf3 Qc3 28. Qxd4 Qxd4 29. Nxd4 a3 30. Ra1 b4 31. g4 Ba4 32. Bb7 Rb8 33. Ba6 b3 34. Bc4 b2 35. Rb1 Nd7 36. f4 Rb4 37. e3 Rxc4 38. dxc4 a2 0-1

[Event "FIDE CB Open 2022"]
[Site "Ceske Budejovice"]
[Date "2022.07.02"]
[Round "2.54"]
[White "Simacek, Vaclav"]
[Black "Krejci, Vera Marie"]
[Result "1/2-1/2"]
[ECO "A00"]
[WhiteElo "1856"]
[BlackElo "1554"]
[Annotator "NA RC"]
[PlyCount "68"]
[EventDate "2022.07.01"]
[EventType "swiss"]
[EventCountry "CZE"]
[SourceTitle "playchess.com"]
[Source "ChessBase"]
[SourceQuality "1"]
[TimeControl "40/5400+30:1800+30"]

1. g4 d5 2. Bg2 Bxg4 3. c4 c6 4. Qb3 Qb6 5. cxd5 Qxb3 6. axb3 Nf6 7. Nc3 g6 8. dxc6 bxc6 9. Nb5 Kd7 10. h3 Be6 11. Nf3 cxb5 12. Ne5+ Kd6 13. Nxf7+ Bxf7 14. Bxa8 Bxb3 15. d3 Bg7 16. Rxa7 Bd5 17. Bxd5 Nxd5 18. O-O Nc6 19. Rb7 Rb8 20. Rxb8 Nxb8 21. b3 Nc6 22. e4 Nc3 23. Bd2 Ne2+ 24. Kg2 Ned4 25. Rb1 Nc2 26. f4 Bd4 27. b4 Be3 28. Bxe3 Nxe3+ 29. Kf3 Nc2 30. Rb2 N6xb4 31. Ke2 Nd4+ 32. Kd2 Nbc6 33. Kc3 Kc5 34. Rg2 b4+ 1/2-1/2

[Event "FIDE CB Open 2022"]
[Site "Ceske Budejovice"]
[Date "2022.07.02"]
[Round "2.55"]
[White "Kosut, Tomas"]
[Black "Hladky, Mikulas"]
[Result "1-0"]
[ECO "C54"]
[WhiteElo "1820"]
[BlackElo "1549"]
[Annotator "NA RC"]
[PlyCount "57"]
[EventDate "2022.07.01"]
[EventType "swiss"]
[EventCountry "CZE"]
[SourceTitle "playchess.com"]
[Source "ChessBase"]
[SourceQuality "1"]
[TimeControl "40/5400+30:1800+30"]

1. e4 e5 2. Nf3 Nc6 3. Bc4 Bc5 4. c3 d6 5. O-O Nf6 6. d3 h6 7. Be3 Bb6 8. Nbd2 O-O 9. a4 Na5 10. Ba2 c5 11. b4 cxb4 12. cxb4 Nc6 13. b5 Ne7 14. Nc4 Bxe3 15. Nxe3 Be6 16. Nc4 Rc8 17. Qe2 Ng6 18. Rfd1 Qe7 19. Rac1 Rfe8 20. Qb2 Bg4 21. Kh1 Bxf3 22. gxf3 Nf4 23. Ne3 Qd7 24. Rxc8 Rxc8 25. Rg1 Nxd3 26. Qd2 Nf4 27. Nf5 Ng6 28. Rxg6 Ne8 29. Qxh6 1-0

[Event "FIDE CB Open 2022"]
[Site "Ceske Budejovice"]
[Date "2022.07.03"]
[Round "3.1"]
[White "Roshka, Yevgeniy"]
[Black "Walek, Petr"]
[Result "1-0"]
[ECO "E70"]
[WhiteElo "2497"]
[BlackElo "2237"]
[Annotator "RC"]
[PlyCount "83"]
[EventDate "2022.07.01"]
[EventType "swiss"]
[EventCountry "CZE"]
[SourceTitle "playchess.com"]
[Source "ChessBase"]
[SourceQuality "1"]
[TimeControl "40/5400+30:1800+30"]

1. d4 Nf6 2. c4 g6 3. Nc3 Bg7 4. e4 d6 5. Nge2 O-O 6. Ng3 e5 7. d5 a5 8. Be2 Na6 9. h4 h5 10. Bg5 Qe8 11. Qd2 Kh7 12. O-O-O Ng8 13. Rdg1 f6 14. Be3 Nc5 15. Nf1 Nh6 16. Nh2 f5 17. exf5 Nxf5 18. Bxc5 dxc5 19. Nf3 Bh6 20. Ng5+ Bxg5 21. hxg5 Nd4 22. Ne4 Bf5 23. Bd3 Bxe4 24. Bxe4 Kg7 25. Kb1 Rf4 26. Qe3 Qf7 27. f3 h4 28. g3 hxg3 29. Rxg3 Nf5 30. Qc3 Re8 31. Rgh3 Qg8 32. Qxa5 b6 33. Qa7 Re7 34. Rh8 Qxh8 35. Rxh8 Kxh8 36. Bxf5 Rxf5 37. d6 Re8 38. Qxc7 Rff8 39. d7 Rd8 40. Qxe5+ Kh7 41. Qe7+ Kg8 42. f4 1-0

[Event "FIDE CB Open 2022"]
[Site "Ceske Budejovice"]
[Date "2022.07.03"]
[Round "3.2"]
[White "Velicka, Petr"]
[Black "Kratochvil, Vit"]
[Result "1/2-1/2"]
[ECO "B42"]
[WhiteElo "2384"]
[BlackElo "2237"]
[Annotator "RC"]
[PlyCount "96"]
[EventDate "2022.07.01"]
[EventType "swiss"]
[EventCountry "CZE"]
[SourceTitle "playchess.com"]
[Source "ChessBase"]
[SourceQuality "1"]
[TimeControl "40/5400+30:1800+30"]

1. e4 c5 2. Nf3 e6 3. d4 cxd4 4. Nxd4 a6 5. Bd3 Ne7 6. O-O Nbc6 7. Nxc6 Nxc6 8. c4 Bc5 9. Nd2 d6 10. Nf3 e5 11. h3 Qf6 12. Be3 g5 13. Nh2 h5 14. Qf3 Qxf3 15. Nxf3 g4 16. hxg4 hxg4 17. Ne1 Bxe3 18. fxe3 g3 19. Rf3 Rg8 20. Rf6 Be6 21. Nc2 Rc8 22. b3 Nb8 23. Rh6 Nd7 24. Rh4 Nc5 25. Be2 a5 26. Na3 Ke7 27. Rb1 Rh8 28. Rxh8 Rxh8 29. Bf3 Nd3 30. Kf1 Nb4 31. Ke2 Rh2 32. Kd2 Bh3 33. Rg1 Nxa2 34. Nc2 Nb4 35. Nxb4 axb4 36. Kd3 Bd7 37. Ra1 Rh8 38. Ra7 Rb8 39. Ra1 Be6 40. Kd2 b5 41. Be2 bxc4 42. Bxc4 Bxc4 43. bxc4 Ke6 44. Ra5 b3 45. Rb5 Ra8 46. Ke2 Ra4 47. Rxb3 Rxc4 48. Kf3 Rc1 1/2-1/2

[Event "FIDE CB Open 2022"]
[Site "Ceske Budejovice"]
[Date "2022.07.03"]
[Round "3.3"]
[White "Cuhra, Martin"]
[Black "Neuman, Petr"]
[Result "1/2-1/2"]
[ECO "B33"]
[WhiteElo "2225"]
[BlackElo "2378"]
[Annotator "RC"]
[PlyCount "23"]
[EventDate "2022.07.01"]
[EventType "swiss"]
[EventCountry "CZE"]
[SourceTitle "playchess.com"]
[Source "ChessBase"]
[SourceQuality "1"]
[TimeControl "40/5400+30:1800+30"]

1. e4 c5 2. Nf3 Nc6 3. d4 cxd4 4. Nxd4 Nf6 5. Nc3 e5 6. Ndb5 d6 7. Nd5 Nxd5 8. exd5 Ne7 9. c4 Ng6 10. Qa4 Bd7 11. Qb4 Qb8 12. Be3 1/2-1/2

[Event "FIDE CB Open 2022"]
[Site "Ceske Budejovice"]
[Date "2022.07.03"]
[Round "3.4"]
[White "Panjer, Sidney"]
[Black "Mostbauer, Florian"]
[Result "1/2-1/2"]
[ECO "D14"]
[WhiteElo "2140"]
[BlackElo "2303"]
[Annotator "RC"]
[PlyCount "24"]
[EventDate "2022.07.01"]
[EventType "swiss"]
[EventCountry "CZE"]
[SourceTitle "playchess.com"]
[Source "ChessBase"]
[SourceQuality "1"]
[TimeControl "40/5400+30:1800+30"]

1. Nf3 d5 2. d4 Nf6 3. c4 c6 4. cxd5 cxd5 5. Nc3 Nc6 6. Bf4 Bf5 7. e3 e6 8. Qb3 Bb4 9. Bb5 Qa5 10. O-O O-O 11. Bxc6 bxc6 12. Bc7 Qxc7 1/2-1/2

[Event "FIDE CB Open 2022"]
[Site "Ceske Budejovice"]
[Date "2022.07.03"]
[Round "3.5"]
[White "Heimisson, Hilmir Freyr"]
[Black "Lacina, Adolf"]
[Result "1-0"]
[ECO "D45"]
[WhiteElo "2281"]
[BlackElo "2225"]
[Annotator "TA"]
[PlyCount "87"]
[EventDate "2022.07.01"]
[EventType "swiss"]
[EventCountry "CZE"]
[SourceTitle "playchess.com"]
[Source "ChessBase"]
[SourceQuality "1"]
[TimeControl "40/5400+30:1800+30"]

1. Nf3 d5 2. d4 e6 3. c4 Nf6 4. Nc3 c6 5. e3 Nbd7 6. Be2 dxc4 7. a4 $1 {[%emt 0:00:31][%mdl 4] is now more promising than 7.Bxc4.} Bb4 8. Bxc4 {[%emt 0:03:58] D45: Semi-Slav: 5 e3.} Qc7 9. O-O O-O 10. Qc2 {[%emt 0:26:19] [#] White is slightly better.} e5 $146 ({Predecessor:} 10... a5 11. Ne4 Be7 12. Nxf6+ Bxf6 13. Bd3 h6 14. Bd2 Qd6 15. Rfd1 Qe7 16. Bc3 e5 {½-½ (86) Martin Carmona,G (2333)-Gil Quilez,S (2126) Linares 2021}) 11. h3 a5 12. Bd2 h6 13. Rac1 Bxc3 (13... Re8 $11) 14. bxc3 (14. Bxc3 $5 e4 15. Ne5 $14) 14... e4 15. Nh2 Re8 16. Rb1 b6 17. Qb3 Re7 18. Be2 {[%emt 0:00:36] Against b5} Ba6 19. c4 c5 20. Rfe1 Rc8 21. d5 Rb8 22. Bc3 Ne8 23. Qb2 f5 24. Nf1 Nd6 25. Ng3 Rf8 (25... g6 $14) 26. Nh5 $1 $16 Rff7 27. Nf4 Bxc4 28. Bh5 {[%emt 0:00:35] White is more active. A strong pair of Bishops.} Bd3 (28... Qb7 $16 {might work better.}) 29. Bxf7+ $18 Rxf7 30. Rbd1 Nc4 {[%emt 0:04:21] [#]} 31. Qb5 Nce5 32. Bxe5 ({Less strong is} 32. Rxd3 exd3 33. Nxd3 Nxd3 34. Qxd3 Qd6 $14) ({Not} 32. Nxd3 Nxd3 33. Rxd3 exd3 $14) 32... Nxe5 33. Qe8+ ({Weaker is} 33. Rxd3 exd3 34. Nxd3 Nxd3 35. Qxd3 Qd7 $14) 33... Kh7 {[%emt 0:01:07] [#]} 34. Ne6 $2 (34. d6 $1 $18 Qxd6 35. Nxd3 exd3 36. f4) 34... Qe7 35. Qb8 {[%emt 0:01:30][%csl LRb6,LRe5] The board is on fire.} c4 $2 {[%emt 0:01:32][%mdl 8192] Loses the game.} 36. Qxe5 Qb4 37. Rc1 Qxa4 38. Nd4 Qd7 39. Qe6 Qb7 40. Qc6 Qb8 (40... Rc7 $142 41. Qe6 Rf7) 41. d6 {[%emt 0:04:44] White is clearly winning.} Qd8 {[%emt 0:09:46] Inhibits d7.} 42. Rxc4 f4 {[%emt 0:05:01] [#]} 43. exf4 $1 {[%emt 0:02:01] Threatens to win with Ne6.} Rxf4 (43... Rf6 44. Nb5) 44. Ne6 {[%emt 0:04:47][%csl LRd8,LRf4] Weighted Error Value: White=0.28 (precise) /Black=0.25 (precise)} 1-0

[Event "FIDE CB Open 2022"]
[Site "Ceske Budejovice"]
[Date "2022.07.03"]
[Round "3.6"]
[White "Hrbek, Stepan"]
[Black "Mai, Alexander Oliver"]
[Result "1/2-1/2"]
[ECO "E51"]
[WhiteElo "2272"]
[BlackElo "2159"]
[Annotator "TA"]
[PlyCount "79"]
[EventDate "2022.07.01"]
[EventType "swiss"]
[EventCountry "CZE"]
[SourceTitle "playchess.com"]
[Source "ChessBase"]
[SourceQuality "1"]
[TimeControl "40/5400+30:1800+30"]

1. d4 Nf6 2. c4 e6 3. Nc3 Bb4 4. e3 O-O 5. Bd2 d5 6. Nf3 b6 7. cxd5 exd5 8. Bd3 {[%emt 0:00:11] E51: Nimzo-Indian: Rubinstein: 4...0-0 5 Nf3 d5.} Bd6 9. O-O c5 {[%emt 0:04:23] [#]} ({Black should play} 9... Bb7 $11) 10. e4 $146 {[%emt 0:01:35] White is slightly better.} ({Predecessor:} 10. dxc5 bxc5 11. e4 dxe4 12. Nxe4 Bb7 13. Bg5 Bxe4 14. Bxf6 Bxh2+ 15. Nxh2 Qxd3 16. Qg4 {½-½ (62) Peng,L (2498)-Aditya,M (2459) Warsaw 2021}) 10... dxe4 11. Nxe4 Bb7 {[%emt 0:00:15] [#]} 12. Bg5 $1 Be7 13. Qc2 (13. Bxf6 $14 Bxf6 14. dxc5 (14. Nxf6+ Qxf6 15. dxc5 Na6 $11)) 13... cxd4 (13... Nbd7 $11 14. Bxf6 Nxf6) 14. Nxf6+ Bxf6 15. Bxh7+ Kh8 16. Qf5 (16. Be4 $14 d3 17. Qc4 $1 (17. Qxd3 Qxd3 18. Bxd3 Bxb2 $14) 17... Bxe4 18. Qxe4) 16... Bxf3 $15 17. Qxf3 {[%emt 0:08:53] [#]} ({Of course not} 17. Bxf6 Qxf6 18. Qh3 (18. gxf3 Qh6 $17) 18... Bg4 $1 19. Qxg4 g6 20. Bxg6 (20. Qh3 $2 Kg7 $19) 20... Qxg6 $17) 17... Bxg5 18. Be4 {[%emt 0:01:53] [#] And now Qh3+ would win.} Na6 $1 19. Qh5+ (19. Bxa8 Qxa8) 19... Bh6 {[%emt 0:13:06] White must now prevent ...Rb8.} 20. Bxa8 Qxa8 21. Rad1 Rd8 22. Qxf7 Nc5 ({Better is} 22... Qd5 $15 23. Qxd5 Rxd5) 23. Rfe1 $2 (23. b4 $1 $11 {and White stays safe.} Ne4 24. Rfe1) 23... d3 $19 24. b4 (24. Re5 $142) 24... d2 $1 25. Re7 (25. Re2 $142 Ne4 26. Qb3) 25... Rf8 (25... Ne4 $142 {aiming for ...Nf6.} 26. h3 Nf6) 26. Qh5 {[%emt 0:08:16] Hoping for Rxd2.} Ne4 (26... Nd3 $1 $19 {Strongly threatening ...Qd8.} 27. Rxd2 Nf4) 27. Qh4 $2 (27. Qg6 $15 Nxf2 28. Rxd2 Nh3+ 29. gxh3) 27... Rf4 28. Qh5 {[%emt 0:02:27] Threatens to win with Re8+.} Nf6 {[%emt 0:01:33] Prevents Re8+.} 29. Qh3 Qd8 30. Re2 Rc4 {[%emt 0:01:25] ( -> ...Rc1)} 31. g3 Rc1 32. Qf1 Qc8 33. f4 {[%emt 0:00:20] [#]} Rxd1 (33... Bxf4 $1 $19 {[%mdl 512] is more deadly.} 34. gxf4 Qg4+ 35. Kh1 Ne4 $3 36. Rxc1 dxc1=R 37. Qxc1 Qxe2 38. Qc8+ Kh7 39. Qh3+ Kg8 40. Qe6+ Kf8 41. Qf5+ Nf6 42. Qc8+ Kf7 43. Qb7+ Ke6 44. Qxg7 Qxa2) 34. Qxd1 $17 {[%emt 0:00:05] [#]} Ne4 35. Rxd2 ({Don't go for} 35. Rxe4 $2 Qc1 36. Qxc1 dxc1=Q+ $19) 35... Nxd2 36. Qxd2 g6 37. Kf2 Qe8 38. Kf3 Bg7 39. Qe3 Kh7 $4 40. Kf2 $4 {[%emt 0:00:00][%mdl 8192] Never resign too early!  Weighted Error Value: White=0.51/Black=0.65} (40. Qxe8 {mates} a6 41. Qd7 a5 42. b5 Kg8 43. Qe6+ Kf8 44. Qxb6 g5 45. Qd8+ Kf7 46. b6) 1/2-1/2

[Event "FIDE CB Open 2022"]
[Site "Ceske Budejovice"]
[Date "2022.07.03"]
[Round "3.7"]
[White "Zeman, Matyas"]
[Black "Pirola, Claudionor Alcides L"]
[Result "1/2-1/2"]
[ECO "C66"]
[WhiteElo "2262"]
[BlackElo "2100"]
[Annotator "RC"]
[PlyCount "45"]
[EventDate "2022.07.01"]
[EventType "swiss"]
[EventCountry "CZE"]
[SourceTitle "playchess.com"]
[Source "ChessBase"]
[SourceQuality "1"]
[TimeControl "40/5400+30:1800+30"]

1. e4 e5 2. Nf3 Nc6 3. Bb5 Nf6 4. d3 d6 5. O-O Bd7 6. c4 g6 7. Nc3 Bg7 8. h3 O-O 9. Re1 Nd4 10. Bxd7 Nxf3+ 11. Qxf3 Nxd7 12. Be3 Nc5 13. Bxc5 dxc5 14. a3 c6 15. b4 cxb4 16. axb4 a5 17. bxa5 Rxa5 18. Qe3 Qa8 19. Qc1 Rd8 20. Rxa5 Qxa5 21. Qc2 Ra8 22. Rb1 Ra7 23. g3 1/2-1/2